TOP OF THE 1ST |
San Mateo Dirty Reds batting - Pitching for D.C. Divided : RHP César Sandoval
|
Pitching: RHP César Sandoval
|
|
Batting: SHB Shiki Sanu
|
0-0: Foul Ball, location: 2F 0-1: Fly out, F9 (Line Drive, 9, EV 97.5 MPH)
|
Batting: RHB Kawenaula Alohalani
|
0-0: Foul Ball, location: 2F 0-1: Foul Ball, location: 2F 0-2: Strikes out swinging
|
Batting: LHB Esteban Sifuentes
|
0-0: Called Strike 0-1: Ball 1-1: Ball 2-1: Foul Ball, location: 2F 2-2: Strikes out looking
|
Top of the 1st over - 0 runs, 0 hits, 0 errors, 0 left on base; San Mateo 0 - D.C. 0 |
BOTTOM OF THE 1ST |
D.C. Divided batting - Pitching for San Mateo Dirty Reds : RHP Anastasio Cabanillas Jr.
|
Pitching: RHP Anastasio Cabanillas Jr.
|
|
Batting: RHB Kimi Okubo
|
0-0: Swinging Strike 0-1: Ball 1-1: Foul Ball, location: 2F 1-2: Ball 2-2: Ball 3-2: Ground out 6-3 (Groundball, 6S, EV 82.5 MPH)
|
Batting: LHB Bill Butler
|
0-0: Ball 1-0: Ball 2-0: Called Strike 2-1: Foul Ball, location: 2F 2-2: Fly out, F5 (Popup, 5, EV 79.4 MPH)
|
Batting: LHB Stanley Zijm
|
0-0: DOUBLE (Flyball, 89XD, EV 95.0 MPH)
|
Pinch Runner at 2nd Bartolo Álvarez:
|
|
Batting: LHB Buddy Patton
|
0-0: Fly out, F8 (Flyball, 8RM, EV 93.1 MPH)
|
Bottom of the 1st over - 0 runs, 1 hit, 0 errors, 1 left on base; San Mateo 0 - D.C. 0 |
TOP OF THE 2ND |
San Mateo Dirty Reds batting - Pitching for D.C. Divided : RHP César Sandoval
|
Now in CF: Bartolo Álvarez
|
|
Batting: RHB Javier Sierra
|
0-0: Called Strike 0-1: Ball 1-1: Called Strike 1-2: Foul Ball, location: 2F 1-2: Ball 2-2: SINGLE (Groundball, 34D, EV 104.4 MPH)
|
Batting: RHB Dong-young Won
|
0-0: Called Strike 0-1: Ball 1-1: Grounds into double play, 6-4-3 (Groundball, 6, EV 102.5 MPH)
|
Batting: LHB Palaie Gaoteote
|
0-0: Ball 1-0: Called Strike 1-1: Foul Ball, location: 2F 1-2: Ball 2-2: Foul Ball, location: 2F 2-2: Foul Ball, location: 2F 2-2: SINGLE (Line Drive, 8LS, EV 89.4 MPH)
|
Batting: LHB Walker Ragland
|
0-0: Fly out, F7 (Flyball, 78D, EV 106.2 MPH)
|
Top of the 2nd over - 0 runs, 2 hits, 0 errors, 1 left on base; San Mateo 0 - D.C. 0 |
BOTTOM OF THE 2ND |
D.C. Divided batting - Pitching for San Mateo Dirty Reds : RHP Anastasio Cabanillas Jr.
|
Batting: SHB Billy Dotson
|
0-0: Ground out 1-3 (Groundball, 13S, EV 68.1 MPH)
|
Batting: RHB Martín Chávez
|
0-0: Ball 1-0: Ball 2-0: Called Strike 2-1: Ground out 6-3 (Groundball, 6, EV 106.2 MPH)
|
Batting: LHB Manuel Carmona
|
0-0: Ball 1-0: Foul Ball, location: 2F 1-1: Ball 2-1: Swinging Strike 2-2: Fly out, F6 (Popup, 6D, EV 57.5 MPH)
|
Bottom of the 2nd over - 0 runs, 0 hits, 0 errors, 0 left on base; San Mateo 0 - D.C. 0 |
TOP OF THE 3RD |
San Mateo Dirty Reds batting - Pitching for D.C. Divided : RHP César Sandoval
|
Batting: RHB Paul Tate
|
0-0: Ball 1-0: Called Strike 1-1: Ball 2-1: Ball 3-1: Called Strike 3-2: Foul Ball, location: 2F 3-2: Base on Balls
|
Batting: RHB Ambrose Watkins
|
0-0: Ball 1-0: Swinging Strike 1-1: Foul Ball, location: 2F 1-2: Strikes out swinging
|
Batting: SHB Shiki Sanu
|
0-0: Ball 1-0: Ball 2-0: Called Strike 2-1: Called Strike 2-2: Ball 3-2: Base on Balls Paul Tate to second
|
Batting: RHB Kawenaula Alohalani
|
0-0: Ball 1-0: Ball 2-0: Foul Ball, location: 2F 2-1: Foul Ball, location: 2F 2-2: Foul Ball, location: 2F 2-2: Ball 3-2: DOUBLE (Flyball, 8RXD, EV 106.2 MPH) Paul Tate scores Shiki Sanu to third
|
Batting: LHB Esteban Sifuentes
|
0-0: Called Strike 0-1: Swinging Strike 0-2: Strikes out swinging
|
Batting: RHB Javier Sierra
|
0-0: Called Strike 0-1: Ball 1-1: Fly out, F9 (Line Drive, 9, EV 110.6 MPH)
|
Top of the 3rd over - 1 run, 1 hit, 0 errors, 2 left on base; San Mateo 1 - D.C. 0 |
BOTTOM OF THE 3RD |
D.C. Divided batting - Pitching for San Mateo Dirty Reds : RHP Anastasio Cabanillas Jr.
|
Batting: RHB Dadabhvai Dattachaudhuri
|
0-0: Ball 1-0: Ground out 5-3 (Groundball, 56, EV 81.2 MPH)
|
Batting: RHB Germán Pérez
|
0-0: Called Strike 0-1: Called Strike 0-2: Strikes out swinging
|
Batting: RHB Kimi Okubo
|
0-0: Ball 1-0: Ball 2-0: Ball 3-0: Called Strike 3-1: SINGLE (Groundball, 56D, EV 107.5 MPH)
|
Batting: LHB Bill Butler
|
0-0: Called Strike 0-1: Ball 1-1: Ball 2-1: Ball 3-1: Foul Ball, location: 2F 3-2: Base on Balls Kimi Okubo to second
|
Batting: RHB Bartolo Álvarez
|
0-0: SINGLE (Groundball, 56D, EV 95.6 MPH) Kimi Okubo to third Bill Butler to second Runner from 3rd tries for Home, SAFE, no throw by LF
|
Batting: LHB Buddy Patton
|
0-0: Ball 1-0: Swinging Strike 1-1: 3-RUN HOME RUN (Flyball, 9D, EV 97.5 MPH), Distance : 393 ft
|
Batting: SHB Billy Dotson
|
0-0: Ball 1-0: Ground out 4-3 (Groundball, 4, EV 101.2 MPH)
|
Bottom of the 3rd over - 4 runs, 3 hits, 0 errors, 0 left on base; San Mateo 1 - D.C. 4 |
TOP OF THE 4TH |
San Mateo Dirty Reds batting - Pitching for D.C. Divided : RHP César Sandoval
|
Batting: RHB Dong-young Won
|
0-0: Ball 1-0: Ball 2-0: Fly out, F8 (Flyball, 8RM, EV 90.6 MPH)
|
Batting: LHB Palaie Gaoteote
|
0-0: Called Strike 0-1: Called Strike 0-2: DOUBLE (Line Drive, 78D, EV 100.6 MPH)
|
Batting: LHB Walker Ragland
|
0-0: Ball 1-0: Ball 2-0: Called Strike 2-1: SINGLE (Groundball, 4MD, EV 96.9 MPH) Palaie Gaoteote to third Runner from 3rd tries for Home, SAFE, throw by CF to home
|
Batting: RHB Paul Tate
|
0-0: Ball 1-0: Swinging Strike 1-1: Fly out, F7 (Flyball, 7S, EV 93.1 MPH)
|
Batting: RHB Ambrose Watkins
|
0-0: Ball 1-0: Ball 2-0: Ball 3-0: Called Strike 3-1: Called Strike 3-2: Foul Ball, location: 2F 3-2: Foul Ball, location: 2F 3-2: Ground out 4-3 (Groundball, 4S, EV 70.6 MPH)
|
Top of the 4th over - 1 run, 2 hits, 0 errors, 1 left on base; San Mateo 2 - D.C. 4 |
BOTTOM OF THE 4TH |
D.C. Divided batting - Pitching for San Mateo Dirty Reds : RHP Anastasio Cabanillas Jr.
|
Batting: RHB Martín Chávez
|
0-0: SINGLE (Groundball, 56D, EV 95.6 MPH)
|
Batting: LHB Manuel Carmona
|
0-0: Called Strike 0-1: Foul Ball, location: 2F 0-2: Ball 1-2: Ball 2-2: Fly out, F8 (Flyball, 89D, EV 84.4 MPH)
|
Batting: RHB Dadabhvai Dattachaudhuri
|
0-0: Called Strike 0-1: Grounds into double play, 5-4-3 (Groundball, 5, EV 87.5 MPH)
|
Bottom of the 4th over - 0 runs, 1 hit, 0 errors, 0 left on base; San Mateo 2 - D.C. 4 |
TOP OF THE 5TH |
San Mateo Dirty Reds batting - Pitching for D.C. Divided : RHP César Sandoval
|
Batting: SHB Shiki Sanu
|
0-0: Ground out 6-3 (Groundball, 6, EV 80.6 MPH)
|
Batting: RHB Kawenaula Alohalani
|
0-0: Fly out, F3 (Popup, 3, EV 76.9 MPH)
|
Batting: LHB Esteban Sifuentes
|
0-0: Foul Ball, location: 2F 0-1: SINGLE (Groundball, 4MD, EV 96.2 MPH)
|
Batting: RHB Javier Sierra
|
0-0: Called Strike Esteban Sifuentes is caught stealing 2nd base 2-4
|
Top of the 5th over - 0 runs, 1 hit, 0 errors, 0 left on base; San Mateo 2 - D.C. 4 |
BOTTOM OF THE 5TH |
D.C. Divided batting - Pitching for San Mateo Dirty Reds : RHP Anastasio Cabanillas Jr.
|
Batting: RHB Germán Pérez
|
0-0: Ball 1-0: Ball 2-0: Ball 3-0: Called Strike 3-1: Foul Ball, location: 2F 3-2: Base on Balls
|
Batting: RHB Kimi Okubo
|
0-0: Ball 1-0: Ball 2-0: Ball 3-0: Called Strike 3-1: Sac Bunt to 13 - play at first, batter OUT! 1-3 Germán Pérez to second
|
Batting: LHB Bill Butler
|
0-0: Called Strike 0-1: Ball 1-1: Ball 2-1: SINGLE (Flyball, 8RS, EV 94.4 MPH) Germán Pérez to third Runner from 3rd tries for Home, SAFE, throw by CF to home
|
Pitching: RHP John Walton
|
|
Batting: RHB Bartolo Álvarez
|
0-0: Foul Ball, location: 2F 0-1: Ball 1-1: Ball 2-1: Fly out, F8 (Flyball, 89D, EV 91.2 MPH)
|
Batting: LHB Buddy Patton
|
0-0: Ball 1-0: 2-RUN HOME RUN (Flyball, 9LD, EV 94.4 MPH), Distance : 350 ft
|
Batting: SHB Billy Dotson
|
0-0: Fly out, F3 (Popup, 3F, EV 68.8 MPH)
|
Bottom of the 5th over - 3 runs, 2 hits, 0 errors, 0 left on base; San Mateo 2 - D.C. 7 |
TOP OF THE 6TH |
San Mateo Dirty Reds batting - Pitching for D.C. Divided : RHP César Sandoval
|
Pitching: RHP Yaroslav Red'kin
|
|
Batting: RHB Javier Sierra
|
0-0: Ball 1-0: Foul Ball, location: 2F 1-1: Ball 2-1: Ball 3-1: Fly out, F8 (Flyball, 8LS, EV 85.6 MPH)
|
Batting: RHB Dong-young Won
|
0-0: Ball 1-0: Ball 2-0: Ball 3-0: Base on Balls
|
Batting: LHB Palaie Gaoteote
|
0-0: Called Strike 0-1: SINGLE (Groundball, 4MD, EV 103.1 MPH) Dong-young Won to second Runner from 2nd tries for 3rd, SAFE, no throw by CF
|
Batting: LHB Walker Ragland
|
0-0: SINGLE (Groundball, 3L, EV 96.2 MPH) (infield hit) Dong-young Won scores Palaie Gaoteote to second
|
Batting: RHB Paul Tate
|
0-0: Ball 1-0: DOUBLE (Line Drive, 9LS, EV 104.4 MPH) Palaie Gaoteote scores Walker Ragland to third
|
Batting: RHB Ambrose Watkins
|
0-0: Fly out, F8 (Line Drive, 8LD, EV 106.9 MPH) Runner from 3rd tags up, SCORES, throw by CF Paul Tate to third
|
Pitching: RHP José Quińones
|
|
Batting: SHB Shiki Sanu
|
0-0: Called Strike 0-1: Swinging Strike 0-2: Ball 1-2: Ball 2-2: Foul Ball, location: 2F 2-2: 2-RUN HOME RUN (Flyball, 89XD, EV 100.6 MPH), Distance : 460 ft
|
Batting: RHB Kawenaula Alohalani
|
0-0: Ball 1-0: Called Strike 1-1: Called Strike 1-2: Fly out, F3 (Popup, 34, EV 57.5 MPH)
|
Top of the 6th over - 5 runs, 4 hits, 0 errors, 0 left on base; San Mateo 7 - D.C. 7 |
BOTTOM OF THE 6TH |
D.C. Divided batting - Pitching for San Mateo Dirty Reds : RHP John Walton
|
Batting: RHB Martín Chávez
|
0-0: Fly out, F8 (Flyball, 89D, EV 103.8 MPH)
|
Batting: LHB Manuel Carmona
|
0-0: Ball 1-0: Ground out U3 (Groundball, 3, EV 105.0 MPH)
|
Batting: RHB Dadabhvai Dattachaudhuri
|
0-0: Ball 1-0: Ball 2-0: Swinging Strike 2-1: SINGLE (Groundball, 6MD, EV 105.0 MPH)
|
Batting: RHB Germán Pérez
|
0-0: Called Strike 0-1: Ball 1-1: Fly out, F8 (Flyball, 8LM, EV 90.0 MPH)
|
Bottom of the 6th over - 0 runs, 1 hit, 0 errors, 1 left on base; San Mateo 7 - D.C. 7 |
TOP OF THE 7TH |
San Mateo Dirty Reds batting - Pitching for D.C. Divided : RHP José Quińones
|
Batting: LHB Esteban Sifuentes
|
0-0: Ball 1-0: Foul Ball, location: 2F 1-1: Called Strike 1-2: Fly out, F7 (Flyball, 78S, EV 97.5 MPH)
|
Batting: RHB Javier Sierra
|
0-0: Swinging Strike 0-1: Called Strike 0-2: Ball 1-2: Strikes out looking
|
Batting: RHB Dong-young Won
|
0-0: Ball 1-0: Ground out 4-3 (Groundball, 34, EV 86.9 MPH)
|
Top of the 7th over - 0 runs, 0 hits, 0 errors, 0 left on base; San Mateo 7 - D.C. 7 |
BOTTOM OF THE 7TH |
D.C. Divided batting - Pitching for San Mateo Dirty Reds : RHP John Walton
|
Batting: RHB Kimi Okubo
|
0-0: Called Strike 0-1: Ball 1-1: Fly out, F7 (Flyball, 78D, EV 98.1 MPH)
|
Batting: LHB Bill Butler
|
0-0: Foul Ball, location: 2F 0-1: Ball 1-1: Ball 2-1: Ball 3-1: Base on Balls
|
Batting: RHB Bartolo Álvarez
|
0-0: Called Strike 0-1: Swinging Strike 0-2: Ball 1-2: Foul Ball, location: 2F 1-2: Ball 2-2: Ball 3-2: Grounds into double play, 5-4-3 (Groundball, 5, EV 100.0 MPH)
|
Bottom of the 7th over - 0 runs, 0 hits, 0 errors, 0 left on base; San Mateo 7 - D.C. 7 |
TOP OF THE 8TH |
San Mateo Dirty Reds batting - Pitching for D.C. Divided : RHP José Quińones
|
Batting: LHB Palaie Gaoteote
|
0-0: Ball 1-0: Ball 2-0: Fly out, F8 (Flyball, 8RM, EV 86.2 MPH)
|
Batting: LHB Walker Ragland
|
0-0: SINGLE (Line Drive, 89S, EV 91.9 MPH)
|
Pitching: RHP Nand Lal Chaudhary
|
|
Batting: RHB Paul Tate
|
0-0: Ball 1-0: Ball 2-0: Foul Ball, location: 2F 2-1: Fly out, F8 (Flyball, 8RD, EV 104.4 MPH)
|
Batting: RHB Ambrose Watkins
|
0-0: Called Strike 0-1: Called Strike 0-2: Strikes out swinging
|
Top of the 8th over - 0 runs, 1 hit, 0 errors, 1 left on base; San Mateo 7 - D.C. 7 |
BOTTOM OF THE 8TH |
D.C. Divided batting - Pitching for San Mateo Dirty Reds : RHP John Walton
|
Pitching: LHP Urs Ehles
|
|
Batting: LHB Buddy Patton
|
0-0: Ball 1-0: Ball 2-0: Ball 3-0: Base on Balls
|
Batting: SHB Billy Dotson
|
0-0: Called Strike 0-1: Called Strike 0-2: Ball 1-2: Ball 2-2: Ball 3-2: Fly out, F7 (Flyball, 78M, EV 90.0 MPH)
|
Batting: RHB Martín Chávez
|
0-0: Ball 1-0: Foul Ball, location: 2F 1-1: Foul Ball, location: 2F 1-2: Ball 2-2: Ball 3-2: Base on Balls Buddy Patton to second
|
Batting: LHB Manuel Carmona
|
0-0: Foul Ball, location: 2F 0-1: Foul Ball, location: 2F 0-2: Strikes out swinging
|
Batting: RHB Dadabhvai Dattachaudhuri
|
0-0: Ball 1-0: Ball 2-0: Ball 3-0: Called Strike 3-1: Called Strike 3-2: Strikes out swinging
|
Bottom of the 8th over - 0 runs, 0 hits, 0 errors, 2 left on base; San Mateo 7 - D.C. 7 |
TOP OF THE 9TH |
San Mateo Dirty Reds batting - Pitching for D.C. Divided : RHP Nand Lal Chaudhary
|
Batting: SHB Shiki Sanu
|
0-0: Ball 1-0: Ball 2-0: Called Strike 2-1: Foul Ball, location: 2F 2-2: Ball 3-2: Base on Balls
|
Batting: RHB Kawenaula Alohalani
|
0-0: Ball 1-0: Ball 2-0: Called Strike 2-1: Grounds into double play, 4-6-3 (Groundball, 4M, EV 97.5 MPH)
|
Batting: LHB Esteban Sifuentes
|
0-0: Ball 1-0: Foul Ball, location: 2F 1-1: Ball 2-1: Swinging Strike 2-2: Strikes out swinging
|
Top of the 9th over - 0 runs, 0 hits, 0 errors, 0 left on base; San Mateo 7 - D.C. 7 |
BOTTOM OF THE 9TH |
D.C. Divided batting - Pitching for San Mateo Dirty Reds : LHP Urs Ehles
|
Pinch Hitting: RHB Francisco Alhama
|
0-0: Foul Ball, location: 2F 0-1: Called Strike 0-2: Foul Ball, location: 2F 0-2: Strikes out swinging
|
Batting: RHB Kimi Okubo
|
0-0: SINGLE (Line Drive, 4M, EV 94.4 MPH)
|
Pitching: RHP Matt Digby
|
|
Batting: LHB Bill Butler
|
0-0: Ball Kimi Okubo steals 2nd base 1-0: Intentional Walk
|
Batting: RHB Bartolo Álvarez
|
0-0: Ball 1-0: Fly out, F6 (Line Drive, 6, EV 71.9 MPH)
|
Batting: LHB Buddy Patton
|
0-0: Ball 1-0: Ball 2-0: Foul Ball, location: 2F 2-1: Ball 3-1: Foul Ball, location: 2F 3-2: Base on Balls Kimi Okubo to third Bill Butler to second
|
Batting: SHB Billy Dotson
|
0-0: Fly out, F7 (Flyball, 7LMF, EV 96.9 MPH)
|
Bottom of the 9th over - 0 runs, 1 hit, 0 errors, 3 left on base; San Mateo 7 - D.C. 7 |
TOP OF THE 10TH |
San Mateo Dirty Reds batting - Pitching for D.C. Divided : RHP Nand Lal Chaudhary
|
Now at C: Layton Arntsen
|
|
Batting: RHB Javier Sierra
|
0-0: Ball 1-0: Swinging Strike 1-1: Ball 2-1: Ball 3-1: Called Strike 3-2: Strikes out swinging
|
Batting: RHB Dong-young Won
|
0-0: Called Strike 0-1: Ball 1-1: Ball 2-1: Foul Ball, location: 2F 2-2: Strikes out swinging
|
Batting: LHB Palaie Gaoteote
|
0-0: Called Strike 0-1: Ball 1-1: Called Strike 1-2: Ball 2-2: DOUBLE (Line Drive, 3D, EV 95.6 MPH)
|
Batting: LHB Walker Ragland
|
0-0: Ball 1-0: Ball 2-0: Called Strike 2-1: Foul Ball, location: 2F 2-2: Strikes out looking
|
Top of the 10th over - 0 runs, 1 hit, 0 errors, 1 left on base; San Mateo 7 - D.C. 7 |
Friday, March 26th, 2021 - OOTP Baseball 20.8 Build 74
|
|